 Dungeon Crawl Stone Soup version 0.19.1 (webtiles) character file.

1354 empire the Grave Robber (level 8, -7/52 (54) HPs)
             Began as a Demonspawn Necromancer on Dec 16, 2016.
             Was a Follower of Sif Muna.
             Mangled by Prince Ribbit (14 damage)
             ... on level 5 of the Dungeon.
             The game lasted 00:24:08 (6631 turns).

empire the Grave Robber (Demonspawn Necromancer)    Turns: 6631, Time: 00:24:09

HP:   -7/52 (54)    AC:  7    Str: 11    XL:     8   Next: 37%
MP:   0/15          EV: 12    Int: 21    God:    Sif Muna [*.....]
Gold: 298           SH:  0    Dex: 16    Spells: 6 memorised, 2 levels left

rFire  . . .     SeeInvis .     a - +1 flail (protect)
rCold  . . .     Gourm    .     f - +2 robe
rNeg   . . .     Faith    .     (no shield)
rPois  .         Spirit   +     (no helmet)
rElec  .         Reflect  .     (no cloak)
rCorr  .         Harm     .     J - +2 pair of gloves
MR     .....                    (no boots)
Stlth  +++.......               e - amulet of rage
                                m - +3 ring of strength
                                s - +4 ring of slaying

@: no status effects
A: claws 1, thin skeletal structure 1, clever 1, nightstalker 1, regeneration 1,
magic shield
a: Divine Energy, Renounce Religion, Evoke Berserk Rage


You were on level 5 of the Dungeon.
You worshipped Sif Muna.
Sif Muna was aware of your devotion.
You were not hungry.

You visited 1 branch of the dungeon, and saw 6 of its levels.

You collected 298 gold pieces.

Inventory:

Hand Weapons
 a - a +1 flail of protection (weapon)
 b - a +0 long sword
 h - a +2 antimagic spear
 j - a cursed -2 dagger
 x - a +0 dagger
 y - a +2 antimagic war axe
Missiles
 u - 17 bolts
 M - 13 poisoned needles
Armour
 f - a +2 robe (worn)
 w - a +0 leather armour
 z - a +2 ring mail of fire resistance
 J - a +2 pair of gloves (worn)
Jewellery
 e - an amulet of rage (around neck)
 m - a +3 ring of strength (right hand)
 r - an uncursed amulet of guardian spirit
 s - a +4 ring of slaying (left hand)
 v - a +3 ring of intelligence {unknown}
 F - an uncursed ring of stealth {unknown}
Scrolls
 d - a scroll of enchant armour
 i - a scroll of recharging
 o - 4 scrolls of remove curse
 I - a scroll of amnesia {unknown}
 K - a scroll of random uselessness {unknown}
Potions
 n - a potion of ambrosia
 p - a potion of mutation
 q - 2 potions of flight
 D - a potion of lignification
 E - 2 potions of curing
 G - a potion of brilliance {unknown}
Books
 l - a book of Necromancy

   Spells                             Type                      Level
   a - Pain                           Necromancy                   1
   b - Animate Skeleton               Necromancy                   1
   c - Vampiric Draining              Necromancy                   3
   d - Regeneration                   Charms/Necromancy            3
   e - Animate Dead                   Necromancy                   4
   f - Control Undead                 Necromancy                   4
 t - a book of Conjurations

   Spells                             Type                      Level
   a - Magic Dart                     Conjuration                  1
   b - Searing Ray                    Conjuration                  2
   c - Dazzling Spray                 Conjuration/Hexes            3
   d - Fulminant Prism                Conjuration/Hexes            4
   e - Iskenderun's Mystic Blast      Conjuration                  4
   f - Iskenderun's Battlesphere      Conjuration/Charms           5
 B - a book of Air

   Spells                             Type                      Level
   a - Shock                          Conjuration/Air              1
   b - Swiftness                      Charms/Air                   2
   c - Repel Missiles                 Charms/Air                   2
   d - Static Discharge               Conjuration/Air              3
   e - Lightning Bolt                 Conjuration/Air              5
 C - a book of Debilitation

   Spells                             Type                      Level
   a - Corona                         Hexes                        1
   b - Slow                           Hexes                        2
   c - Gell's Gravitas                Hexes/Translocation          3
   d - Inner Flame                    Hexes/Fire                   3
   e - Cause Fear                     Hexes                        4
   f - Leda's Liquefaction            Hexes/Earth                  4
Comestibles
 c - 5 bread rations
 g - 2 meat rations
 k - a beef jerky
 A - 2 fruits
 L - 5 chunks of flesh


   Skills:
 + Level 1.1 Fighting
 - Level 1.7 Dodging
 - Level 1.7 Stealth
 + Level 5.2 Spellcasting
 - Level 3.0 Conjurations
 - Level 3.2 Charms
 - Level 7.2 Necromancy
 - Level 2.0 Air Magic
 - Level 3.5 Evocations


You had 2 spell levels left.
You knew the following spells:

 Your Spells              Type           Power        Failure   Level  Hunger
a - Pain                  Necr           ####         1%          1    None
b - Vampiric Draining     Necr           #####.....   1%          3    ##.....
c - Magic Dart            Conj           ###.         3%          1    None
d - Control Undead        Necr           #####.....   6%          4    ####...
e - Animate Dead          Necr           N/A          6%          4    ####...
f - Swiftness             Chrm/Air       ###.....     8%          2    None


Dungeon Overview and Level Annotations

Branches:
Dungeon (6/15)
 Temple: D:4-7

Altars:
Dithmenos
Fedhas
Gozag
Okawaru
Sif Muna
Trog
Xom

Annotations:
D:5 Prince Ribbit
D:6 Menkaure


Innate Abilities, Weirdness & Mutations

You have sharp fingernails.
You have a somewhat thin skeletal structure. (Dex +2, Stealth)
You are slightly more attuned to the shadows.
When hurt, damage is shared between your health and your magic reserves.
Your mind is acute. (Int +2)
Your natural rate of healing is unusually fast.


Message History

Casting: Pain
Confirm with . or Enter, or press ? or * to list all spells.
Aiming: Pain
Press: ? - help, Shift-Dir - straight line, f/p - centaur
Aim: a centaur, wielding a shortbow (severely wounded, chance to defeat MR: 84%)
The centaur writhes in agony!
The centaur shoots an arrow.
The arrow hits you. Prince Ribbit hits you!!
Casting: Pain
Confirm with . or Enter, or press ? or * to list all spells.
Aiming: Pain
Press: ? - help, Shift-Dir - straight line, f/p - centaur
Aim: a centaur, wielding a shortbow (almost dead, chance to defeat MR: 84%)
The centaur writhes in agony!
You kill the centaur!
Sif Muna accepts your kill.
Your Fighting skill increases to level 1!
The centaur wields a shortbow.
The centaur shoots an arrow.
The arrow hits you!
* * * LOW HITPOINT WARNING * * *
Prince Ribbit hits you!
You die...

#.#.....# #..............
##.<..#### #..............
#.....######..............
#.#.....................$. #
#.......####......?.... ..
####.....####.......... o..
##..........###...###.......#.
#............F?..=........##.
#...........@.)c... ......##.
#.........(........##........
######.####.##.###..........o
#..# ..............<....
##.##.$........#....$..o
.##.............#####.
..#..........##.###### ###
#....... #.......


You could see Prince Ribbit and a centaur.

Vanquished Creatures
  Sigmund (D:2)
  Edmund (D:6)
  2 eyes of draining (D:3)
  A necrophage (D:5)
  A centaur (D:5)
  A scorpion (D:4)
  3 hounds
  3 orc priests
  2 bullfrog skeletons
  A centaur skeleton (D:4)
  Natasha (thrice) (D:3)
  2 orc wizards
  A worker ant (D:4)
  A killer bee zombie (D:6)
  A hound skeleton (D:5)
  A gnoll (D:3)
  6 adders
  A shadow imp (D:6)
  An ooze (D:2)
  2 adder zombies (D:5)
  2 adder skeletons
  A worm (D:3)
  3 dart slugs
  2 leopard geckos
  13 orcs
  3 ball pythons
  9 giant cockroaches
  18 goblins
  15 hobgoblins
  2 jackals (D:2)
  A quokka (D:2)
  A ball python skeleton (D:4)
  4 bats
  2 frilled lizards (D:3)
  11 kobolds
  10 rats
132 creatures vanquished.

Notes
Turn   | Place    | Note
-------+----------+-------------------------------------------
     0 | D:1      | empire the Demonspawn Necromancer began the quest for the Orb.
     0 | D:1      | Reached XP level 1. HP: 13/13 MP: 3/3
   457 | D:1      | Gained mutation: When hurt, damage is shared between your health and your magic reserves. [demonic ancestry]
   457 | D:1      | Reached XP level 2. HP: 9/19 MP: 0/5
   652 | D:1      | Reached skill level 5 in Necromancy
  1036 | D:1      | Gained mutation: You have sharp fingernails. [demonic ancestry]
  1036 | D:1      | Reached XP level 3. HP: 16/24 MP: 0/6
  1248 | D:1      | Learned a level 3 spell: Vampiric Draining
  1488 | D:2      | Noticed Sigmund
  2136 | D:2      | Learned a level 1 spell: Magic Dart
  2314 | D:2      | Reached skill level 6 in Necromancy
  2545 | D:2      | Reached skill level 1 in Conjurations
  2545 | D:2      | Reached XP level 4. HP: 12/30 MP: 0/7
  3314 | D:3      | Found a faded altar of an unknown god.
  3554 | D:3      | Reached XP level 5. HP: 11/35 MP: 0/8
  3839 | D:3      | Found a bloodstained altar of Trog.
  3839 | D:3      | Noticed an eye of draining
  3840 | D:3      | Noticed an eye of draining
  3885 | D:3      | Gained mutation: Your natural rate of healing is unusually fast. [potion of beneficial mutation]
  4075 | D:3      | Noticed Natasha
  4124 | D:3      | Killed Natasha
  4246 | D:3      | Killed an eye of draining
  4246 | D:3      | Gained mutation: You are slightly more attuned to the shadows. [demonic ancestry]
  4246 | D:3      | Reached XP level 6. HP: 41/41 MP: 0/11
  4388 | D:3      | Noticed Natasha
  4405 | D:3      | Killed Natasha
  4539 | D:3      | Reached skill level 5 in Spellcasting
  4848 | D:3      | You fall through a shaft for 3 floors!
  4850 | D:6      | Noticed Menkaure
  4891 | D:6      | Found a shadowy altar of Dithmenos.
  4891 | D:6      | Noticed Edmund
  4909 | D:6      | Found a blossoming altar of Fedhas.
  4919 | D:6      | Reached skill level 1 in Evocations
  4919 | D:6      | Gained mutation: You have a somewhat thin skeletal structure. (Dex +2, Stealth) [demonic ancestry]
  4919 | D:6      | Reached XP level 7. HP: 33/46 MP: 5/14
  4943 | D:6      | Killed Edmund
  5154 | D:5      | Entered Level 5 of the Dungeon
  5164 | D:5      | Learned a level 4 spell: Control Undead
  5169 | D:5      | Learned a level 4 spell: Animate Dead
  5172 | D:5      | Learned a level 2 spell: Swiftness
  5189 | D:5      | Noticed Prince Ribbit
  5227 | D:5      | Gained mutation: Your mind is acute. (Int +2) [potion of beneficial mutation]
  5336 | D:4      | Found an opulent altar of Gozag.
  5336 | D:4      | Found an iron altar of Okawaru.
  5337 | D:4      | Found a shimmering altar of Xom.
  5338 | D:4      | Found a deep blue altar of Sif Muna.
  5340 | D:4      | Reached skill level 1 in Air Magic
  5343 | D:4      | Reached skill level 1 in Charms
  5369 | D:4      | Became a worshipper of Sif Muna the Loreminder
  5896 | D:4      | Reached XP level 8. HP: 34/50 MP: 4/15
  6180 | D:3      | Noticed Natasha
  6187 | D:3      | Killed Natasha
  6466 | D:2      | Killed Sigmund
  6466 | D:2      | Reached * piety under Sif Muna
  6466 | D:2      | Reached skill level 7 in Necromancy
  6631 | D:5      | Reached skill level 1 in Fighting
  6631 | D:5      | Mangled by Prince Ribbit

Skill      XL: |  1  2  3  4  5  6  7  8 |
---------------+-------------------------+-----
Necromancy     | 5 6 7 |  7.2
Conjurations   | 1 2 3 |  3.0
Spellcasting   | 3 5 |  5.2
Evocations     | 1 3 |  3.5
Air Magic      | 1 2 |  2.0
Charms         | 2 3 |  3.2
Fighting       | 1 |  1.1
Dodging        | |  1.7
Stealth        | |  1.7

Action                   |  1- 3 |  4- 6 |  7- 9 || total
-------------------------+-------+-------+-------++-------
Melee: Unarmed           |     7 |       |       ||     7
       Dagger            |    80 |    28 |       ||   108
       Long sword        |       |    31 |     5 ||    36
       Flail             |       |       |    79 ||    79
 Cast: Pain              |    62 |    73 |    63 ||   198
       Vampiric Draining |       |     1 |       ||     1
       Magic Dart        |       |     1 |       ||     1
  Use: Potion            |       |     9 |     2 ||    11
       Scroll            |       |     9 |     7 ||    16
 Stab: Sleeping          |       |     2 |     5 ||     7
  Eat: Chunk             |     6 |     8 |     6 ||    20
Armor: Robe              |    13 |    10 |    35 ||    58
Dodge: Dodged            |    84 |    50 |    81 ||   215
       Rpst.: Long sword |       |     5 |     3 ||     8
